 Dungeon Crawl Stone Soup version 0.25-a0-35-g747a2b3c0c (webtiles) character file.

Game seed: 1567829433982483522, levelgen mode: deterministic

7 Ablot the Charmwright (level 2, -1/26 HPs)
             Began as a Gnoll Skald on Oct 19, 2019.
             Slain by a gnoll
             ... wielding a +1 flail of draining
              (6 damage)
             ... on level 1 of the Dungeon.
             The game lasted 00:00:22 (213 turns).

Ablot the Charmwright (Gnoll Skald)                  Turns: 213, Time: 00:00:23

Health: -1/26      AC:  3    Str: 13    XL:     2   Next: 0%
Magic:  3/7        EV: 13    Int: 15    God:
Gold:   15         SH:  0    Dex: 14    Spells: 9/10 levels left

rFire    . . .     SeeInvis .   a - +0 spear
rCold    . . .     Gourm    .   (no shield)
rNeg     . . .     Faith    .   b - +0 leather armour
rPois    .         Spirit   .   (no helmet)
rElec    .         Reflect  .   (no cloak)
rCorr    .         Harm     .   (no gloves)
MR       .....                  (no boots)
Stlth    +.........             (no amulet)
HPRegen  0.08/turn              (no ring)
MPRegen  0.10/turn              (no ring)

@: infused, lightly drained
A: distributed training, fangs 1, strong nose
a: no special abilities


You were on level 1 of the Dungeon.
You were not hungry.

You visited 1 branch of the dungeon, and saw 1 of its levels.

You collected 15 gold pieces.

Inventory:

Hand Weapons
 a - a +0 spear (weapon)
Missiles
 e - 11 stones (quivered)
Armour
 b - a +0 leather armour (worn)
Potions
 f - a potion of haste {unknown}
Comestibles
 c - 5 chunks of flesh
 d - a ration


   Skills:
 + Level 4.4(4.0) Fighting
 + Level 0.2(0.0) Short Blades
 + Level 0.2(0.0) Long Blades
 + Level 0.2(0.0) Axes
 + Level 0.2(0.0) Maces & Flails
 + Level 4.4(4.0) Polearms
 + Level 0.2(0.0) Staves
 + Level 0.2(0.0) Slings
 + Level 0.2(0.0) Bows
 + Level 0.2(0.0) Crossbows
 + Level 0.2(0.0) Throwing
 + Level 2.4(2.0) Armour
 + Level 4.4(4.0) Dodging
 + Level 0.2(0.0) Stealth
 + Level 0.2(0.0) Shields
 + Level 0.2(0.0) Unarmed Combat
 + Level 4.9(4.5) Spellcasting
 + Level 0.1(0.0) Conjurations
 + Level 0.1(0.0) Hexes
 + Level 5.3(4.9) Charms
 + Level 0.1(0.0) Summonings
 + Level 0.1(0.0) Necromancy
 + Level 0.1(0.0) Translocations
 + Level 0.1(0.0) Transmutations
 + Level 0.1(0.0) Fire Magic
 + Level 0.1(0.0) Ice Magic
 + Level 0.1(0.0) Air Magic
 + Level 0.1(0.0) Earth Magic
 + Level 0.1(0.0) Poison Magic
 + Level 0.3(0.0) Invocations
 + Level 0.2(0.0) Evocations


You had 9 spell levels left.
You knew the following spells:

 Your Spells              Type           Power        Failure   Level  Hunger
a - Infusion              Chrm           ###.         2%          1    None

Your spell library contained the following spells:

 Spells                   Type           Power        Failure   Level  Hunger
 Song of Slaying          Chrm           ###.....     4%          2    ##.....
 Shroud of Golubria       Chrm/Tloc      ##....       12%         2    ##.....
 Regeneration             Chrm/Necr      ##........   24%         3    ###....
 Spectral Weapon          Hex/Chrm       ##......     24%         3    ###....


Dungeon Overview and Level Annotations

Branches:
Dungeon (1/15)

Altars:


Innate Abilities, Weirdness & Mutations

Your experience applies equally to all skills.
You have very sharp teeth.
Your uncanny sense of smell can sniff out nearby items.


Message History

You hit the gnoll.
The gnoll is lightly wounded.
You hit the gnoll.
The gnoll is heavily wounded.
The gnoll hits you with a +1 flail of draining!
Ouch! That really hurt!
You feel drained.
* * * LOW HITPOINT WARNING * * *
You are too injured to fight recklessly!
You are too injured to fight recklessly!
You are too injured to fight recklessly!
You hit the gnoll.
The gnoll is almost dead.
The gnoll barely misses you.
You closely miss the gnoll.
The gnoll is almost dead.
You completely miss the gnoll.
The gnoll is almost dead.
The gnoll hits you with a +1 flail of draining.
You die...

### ..# #.# #.# ### #.#
#.####.# ## #....#g# #..
#.#.##@# #.# #.#.##.# #.#
#.#....# #.# #.######
#.#########.#####
...............>#
....÷...........#
#.#########.##÷.#
................#########


You could see a gnoll.

Vanquished Creatures
  A leopard gecko (D:1)
  A goblin (D:1)
  2 hobgoblins (D:1)
  A rat (D:1)
5 creatures vanquished.

Notes
Turn   | Place    | Note
-------+----------+-------------------------------------------
     0 | D:1      | Ablot the Gnoll Skald began the quest for the Orb.
     0 | D:1      | Reached XP level 1. HP: 20/20 MP: 6/6
   207 | D:1      | Reached XP level 2. HP: 21/26 MP: 7/7
   213 | D:1      | Slain by a gnoll

Levels and vault maps discovered:
D:1:      nagdon_arrival_zigzag_paths, layout_basic

Action                   || total
-------------------------++-------
Melee: Spear             ||    30
       Bite              ||     1
 Cast: Infusion          ||     1
 Stab: Sleeping          ||     2
Armor: Leather armour    ||     3
Dodge: Dodged            ||    13

Table legend:
 A = Non-vault XP
 B = Vault XP
 C = Vault XP percentage of total XP
 D = Non-vault monster count
 E = Vault monster count
 F = Vault count percentage of total count
                 A         B        C        D         E       F
            +---------+---------+-------+---------+---------+-------
      Total |      10 |       0 |   0.0 |       5 |       0 |   0.0
            +---------+---------+-------+---------+---------+-------
        D:1 |      10 |       0 |   0.0 |       5 |       0 |   0.0
            +---------+---------+-------+---------+---------+-------
